Map: 2000 Atmospheres LE

Players

Antis

  • Race: Zerg Zerg

DisK - Winner!

  • Race: Protoss Protoss

Event: DreamHack SC2 Masters 2021 Fall

VOD

Have the link to the VOD?

Description

Time

  • Played on: Aug. 3, 2021, 5:25 p.m.
  • Length: 16:20

All games in this series

Show
View Real Time Build Order
Export as new Build Order

Antis Zerg 

Build Orders: Hatch First, Lurkers 

Get SALT Encoding   

  12  0:00  Drone  
  13  0:12  Overlord  
  13  0:17  Drone  
  14  0:31  Drone x2  
  16  0:48  Hatchery  
  15  0:51  Drone  
  15  0:54  Drone  
  17  0:58  Drone  
  18  1:08  Extractor  
  17  1:13  Spawning Pool  
  17  1:18  Drone  
  17  1:21  Drone  
  18  1:30  Drone  
  19  1:42  Drone  
  20  1:53  Drone  
  21  2:00  Queen  
  21  2:01  Queen, Drone x2  
  27  2:11  Overlord  
  27  2:13  Drone  
  27  2:14  Metabolic Boost  
  28  2:29  Drone x2  
  30  2:37  Drone x2  
  30  2:38  Hatchery  
  31  2:44  Zergling x4  
  31  2:48  Queen  
  35  2:55  Overlord  
  35  3:03  Drone  
  36  3:11  Overlord  
  36  3:13  Drone x6  
  36  3:19  Spore Crawler, Queen  
  43  3:32  Spore Crawler, Drone x4  
  46  3:35  Queen  
  46  3:39  Overlord  
  48  3:50  Zergling x4  
  48  3:52  Drone x5  
  55  3:56  Overlord  
  54  4:03  Drone x4  
  57  4:11  Drone  
  57  4:15  Drone  
  57  4:16  Drone  
  60  4:19  Drone x6  
  60  4:24  Overlord  
  66  4:31  Drone x2  
  66  4:39  Drone x3  
  66  4:43  Drone  
  66  4:44  Drone x2  
  71  4:46  Lair  
  71  4:48  Extractor, Drone x5, Roach Warren  
  71  4:49  Evolution Chamber  
  71  4:50  Drone  
  74  4:55  Overlord  
  74  4:57  Overlord  
  74  4:59  Extractor  
  73  5:01  Extractor  
  73  5:02  Spore Crawler  
  74  5:07  Drone x5  
  74  5:10  Extractor  
  74  5:19  Drone x7  
  81  5:25  Hatchery  
  80  5:30  Extractor, Zerg Missile Weapons Level 1, Overlord  
  80  5:31  Drone x3  
  80  5:32  Drone, Overlord x2  
  83  5:45  Glial Reconstitution  
  83  5:49  Overseer  
  83  5:52  Roach x7  
  83  5:54  Hatchery  
  96  6:01  Overlord x2  
  96  6:03  Roach x4  
  105  6:08  Overlord x2  
  105  6:09  Infestation Pit  
  103  6:13  Drone x2  
  103  6:17  Ravager  
  106  6:19  Roach x4  
  106  6:20  Roach  
  116  6:29  Roach x6  
  127  6:40  Ravager x2, Roach x5  
  127  6:44  Overlord x4  
  127  6:45  Overlord  
  138  6:52  Drone x3  
  141  6:59  Extractor x2, Overlord  
  141  7:00  Overlord  
  137  7:03  Roach x2  
  137  7:04  Roach x5  
  153  7:10  Ravager x2  
  155  7:17  Roach x7  
  169  7:26  Roach x3  
  156  7:35  Roach x9  
  162  7:40  Zergling x8  
  162  7:42  Ravager  
  162  7:43  Ravager  
  161  7:51  Extractor, Hive  
  160  7:52  Extractor  
  160  7:56  Drone x3, Hydralisk Den  
  160  7:57  Drone x3  
  160  7:58  Drone  
  165  8:06  Hatchery  
  165  8:07  Queen x2, Spore Crawler  
  165  8:08  Drone  
  165  8:14  Overlord  
  165  8:15  Zerg Missile Weapons Level 2  
  165  8:19  Drone x3  
  166  8:21  Evolution Chamber  
  165  8:31  Ravager  
  164  8:34  Grooved Spines  
  164  8:35  Lurker Den, Drone x3  
  164  8:36  Drone x3  
  164  8:38  Queen  
  169  8:42  Queen  
  170  8:53  Hydralisk  
  170  8:54  Roach, Hydralisk x2  
  170  8:55  Roach x5  
  186  9:11  Drone x3  
  186  9:12  Viper x2, Overlord x2  
  186  9:13  Viper  
  197  9:32  Lurker x2  
  197  9:33  Adaptive Talons  
  197  9:49  Roach x13  
  197  9:50  Extractor  
  198  10:01  Lurker  
  199  10:08  Zerg Ground Armor Level 1  
  199  10:22  Spore Crawler, Spine Crawler x2  
  199  10:24  Extractor  
  199  10:26  Spine Crawler  
  192  10:29  Overseer x2  
  192  10:31  Pneumatized Carapace  
  192  10:32  Hydralisk  
  192  10:33  Hydralisk x4  
  155  11:00  Roach x10  
  155  11:01  Roach x15  
  175  11:08  Lurker x3  
  175  11:09  Lurker  
  175  11:10  Drone x5  
  181  11:29  Roach x9  
  184  11:48  Viper x2  
  184  11:54  Hydralisk x7  
  183  11:55  Zergling x4  
  198  12:07  Spine Crawler  
  194  12:08  Drone  
  194  12:09  Drone x5  
  194  12:11  Zerg Ground Armor Level 2  
  199  12:17  Spore Crawler  
  199  12:18  Hatchery  
  194  12:34  Drone x3  
  194  12:35  Spore Crawler  
  196  12:37  Overseer  
  184  12:50  Hydralisk x9  
  184  12:51  Hydralisk x4  
  184  13:00  Spine Crawler  
  184  13:02  Spine Crawler x2  
  177  13:12  Hydralisk  
  171  13:13  Hydralisk x8  
  185  13:22  Queen x4  
  191  13:33  Hydralisk x4  
  172  13:54  Roach x6  
  186  13:55  Roach  
  186  13:56  Roach x5  
  186  13:58  Queen  
  198  14:17  Overseer x2  
  198  14:18  Lair  
  192  14:38  Hydralisk x12  
  176  14:43  Lurker  
  176  14:44  Lurker  
  156  15:03  Lurker  
  156  15:04  Lurker, Hydralisk x6  
  166  15:08  Zergling x2  
  165  15:17  Lurker  
  165  15:18  Overseer, Lurker x3  
  165  15:19  Overseer  
  159  15:43  Hydralisk x5  
  159  15:44  Hydralisk x3  
Show
View Real Time Build Order
Export as new Build Order

DisK Protoss - Winner!

Build Orders: 1 Gate Expand, Oracle Opening 

Get SALT Encoding   

  12  0:00  Probe  
  13  0:12  Probe  
  14  0:19  Pylon  
  14  0:24  Probe  
  15  0:37  Probe (Chrono Boost)  
  15  0:38  Gateway  
  16  0:47  Assimilator, Probe (Chrono Boost)  
  17  0:52  Probe (Chrono Boost)  
  18  1:03  Probe  
  19  1:15  Probe  
  20  1:23  Nexus  
  20  1:34  Cybernetics Core  
  20  1:36  Probe  
  21  1:42  Assimilator  
  21  1:48  Probe  
  21  1:51  Pylon  
  22  2:00  Probe (Chrono Boost)  
  23  2:07  Adept (Chrono Boost)  
  23  2:11  Probe (Chrono Boost)  
  23  2:15  Stargate  
  26  2:18  Probe  
  27  2:24  Warp Gate  
  27  2:30  Adept  
  27  2:34  Probe (Chrono Boost)  
  27  2:36  Probe (Chrono Boost)  
  32  2:45  Probe (Chrono Boost)  
  32  2:47  Probe (Chrono Boost)  
  32  2:50  Probe (Chrono Boost)  
  33  2:58  Oracle (Chrono Boost)  
  37  2:59  Probe  
  37  3:02  Probe  
  39  3:09  Gateway  
  39  3:11  Probe  
  40  3:14  Pylon  
  40  3:16  Probe  
  41  3:23  Probe  
  42  3:28  Probe  
  42  3:29  Oracle  
  46  3:35  Probe  
  46  3:40  Probe  
  48  3:44  Nexus  
  48  3:48  Pylon  
  48  3:50  Probe  
  48  3:52  Probe  
  50  4:02  Probe  
  51  4:04  Assimilator x2  
  51  4:05  Probe  
  52  4:10  Shield Battery  
  52  4:12  Adept  
  52  4:14  Probe  
  55  4:17  Pylon, Probe  
  56  4:26  Probe  
  56  4:28  Twilight Council  
  56  4:30  Forge, Probe  
  58  4:33  Pylon  
  58  4:38  Probe  
  59  4:43  Probe (Chrono Boost)  
  60  4:45  Gateway  
  60  4:46  Gateway  
  60  4:49  Sentry x2  
  60  4:51  Probe (Chrono Boost)  
  65  4:55  Protoss Ground Weapons Level 1 (Chrono Boost), Probe (Chrono Boost)  
  65  4:59  Probe (Chrono Boost)  
  68  5:01  Probe (Chrono Boost)  
  68  5:03  Blink (Chrono Boost)  
  68  5:04  Probe (Chrono Boost)  
  69  5:08  Probe x2 (Chrono Boost)  
  69  5:10  Probe (Chrono Boost)  
  72  5:15  Robotics Facility, Probe  
  72  5:17  Probe  
  72  5:20  Sentry x2  
  78  5:24  Probe  
  78  5:27  Probe  
  80  5:28  Assimilator  
  80  5:29  Probe  
  80  5:30  Assimilator  
  81  5:36  Pylon  
  81  5:38  Gateway, Probe  
  81  5:39  Probe  
  81  5:40  Gateway  
  83  5:45  Sentry, Stalker  
  83  5:46  Sentry  
  83  5:47  Probe  
  90  5:54  Gateway  
  90  5:57  Gateway  
  90  5:59  Stalker  
  90  6:00  Pylon  
  90  6:03  Probe x2  
  94  6:09  Stalker x2  
  94  6:10  Stalker  
  100  6:13  Pylon  
  100  6:18  Pylon, Warp Prism (Chrono Boost)  
  102  6:26  Stalker  
  104  6:37  Stalker  
  104  6:38  Stalker x4  
  114  6:46  Pylon  
  114  6:49  Pylon  
  114  6:53  Stalker x3  
  118  7:09  Nexus  
  118  7:12  Stalker x5  
  126  7:27  Stalker x3  
  118  7:44  Shield Battery  
  118  7:45  Shield Battery  
  118  7:47  Charge  
  118  7:50  Robotics Facility, Robotics Bay  
  118  7:51  Protoss Ground Weapons Level 2 (Chrono Boost)  
  118  7:56  Pylon  
  118  8:01  Gateway x2, Zealot x2  
  118  8:02  Zealot  
  118  8:03  Stalker x3  
  130  8:13  Stalker x2  
  130  8:16  Photon Cannon  
  130  8:18  Photon Cannon  
  134  8:25  Probe x3  
  134  8:26  Probe  
  138  8:30  Sentry x4  
  144  8:45  Disruptor x2  
  150  8:53  Zealot x7  
  162  8:57  Probe x4  
  156  9:21  Disruptor  
  156  9:22  Disruptor  
  160  9:25  Stalker x2  
  160  9:28  Pylon  
  160  9:31  Pylon  
  164  9:33  Pylon  
  164  9:35  Pylon  
  164  9:45  Pylon  
  164  9:46  Pylon  
  155  10:05  Disruptor  
  155  10:06  Observer  
  159  10:07  Stalker x8  
  159  10:08  Stalker  
  159  10:11  Dark Shrine  
  177  10:16  Assimilator x2  
  177  10:17  Photon Cannon  
  177  10:18  Photon Cannon  
  177  10:23  Nexus  
  177  10:26  Pylon  
  177  10:35  Zealot x7  
  183  10:36  Zealot x2  
  140  11:04  Zealot x7  
  140  11:05  Zealot x3  
  140  11:07  Disruptor x2  
  166  11:13  Templar Archives  
  166  11:17  Protoss Ground Weapons Level 3  
  166  11:32  Shadow Stride  
  154  11:50  Disruptor x2  
  149  11:55  Zealot x4  
  149  11:56  Zealot x6  
  159  12:20  Dark Templar x2  
  159  12:21  Dark Templar x5, Stargate  
  160  12:23  Stargate  
  160  12:25  Fleet Beacon  
  160  12:32  Psionic Storm  
  160  12:33  High Templar x3  
  166  12:38  Assimilator x2  
  166  12:42  Pylon x2, Shield Battery  
  166  12:43  Photon Cannon  
  166  12:44  Photon Cannon  
  163  12:45  Shield Battery  
  163  12:47  Photon Cannon  
  141  12:55  Zealot x7  
  143  13:17  Dark Templar x2  
  143  13:18  Zealot x6  
  143  13:19  Zealot  
  161  13:21  Carrier (Chrono Boost)  
  155  13:47  Immortal x2  
  152  13:49  High Templar x5  
  152  13:55  Probe x5  
  165  14:05  Carrier x2 (Chrono Boost)  
  168  14:19  Protoss Air Weapons Level 1 (Chrono Boost)  
  163  14:30  Zealot x5  
  163  14:31  Zealot  
  144  14:41  Stalker x4  
  144  14:45  Immortal x2 (Chrono Boost)  
  156  14:57  Archon  
  156  14:58  Archon  
  137  15:15  Observer x2  
  138  15:24  High Templar x5  
  146  15:36  Zealot x5  
  156  15:48  Nexus  
  149  16:05  Archon x2  
  149  16:07  Zealot x2  
  149  16:08  Zealot x5  

Tags
 
Add a new tag
Caveats
  • Supply blocks, unpowered buildings, or Contaminate may cause inaccurate times.
  • Supply counts are checked every 10 seconds.